Selects Airborne Battlegroup
Selects Heavy Machine Gun Paradrop
Heavy Machine Gun Paradrop
Construct Weapon Support Center
Heavy Machine Gun Paradrop
Selects Paratrooper Squad Paradrop
Paratrooper Squad Paradrop
Paratrooper Squad Paradrop
Construct Medical Station
Heavy Machine Gun Paradrop
Paratrooper Squad Paradrop
M4(105) Sherman Bulldozer
Selects Anti-tank Gun Team Paradrop
M4(105) Sherman Bulldozer
Paratrooper Squad Paradrop
M3 Armored Personnel Carrier
M4(105) Sherman Bulldozer